 Dungeon Crawl Stone Soup version 0.30.0-19-g36f170ea60 (webtiles) character file.

Game seed: 7178867505740032118

740 cheesebisquit the Ducker (level 7, 31/31 HPs)
             Began as a Felid Transmuter on May 29, 2023.
             Was an Initiate of Gozag.
             Quit the game on level 7 of the Dungeon.
             The game lasted 00:35:39 (9711 turns).

cheesebisquit the Ducker (Felid Transmuter)         Turns: 9711, Time: 00:35:40

Health: 31/31      AC:  2    Str:  8    XL:     7   Next: 46%
Magic:  14/14      EV: 20    Int: 14    God:    Gozag
Gold:   39         SH:  0    Dex: 17    Spells: 2/14 levels left
                                        Lives:  1   Deaths: 1

rFire   . .          .
                       - Unarmed
rCold   . . .        (shield unavailable)
rNeg    . . .        (body armour unavailable)
rPois   .            (helmet unavailable)
rElec   .            (cloak unavailable)
rCorr   .            (gloves unavailable)
SInv    +            (boots unavailable)
Will    +....        (no amulet)
Stlth   +++          (no ring)
HPRegen 0.25/turn    (no ring)
MPRegen 0.14/turn

%: no passive effects
@: quick
A: very small, claws 1, fangs 3, see invisible, speed 1, shaggy fur 2, stealthy
paws, no weapons or thrown items, no armour, multi-lived
a: Renounce Religion, Potion Petition, Call Merchant, Bribe Branch


You were on level 7 of the Dungeon.
You worshipped Gozag.
Gozag was noncommittal.
You visited 2 branches of the dungeon, and saw 8 of its levels.

You collected 703 gold pieces.
You spent 312 gold pieces at shops.
You paid 352 gold pieces to Gozag.

Inventory:

Jewellery
 n - an amulet of the acrobat
 u - an amulet of faith
 w - an amulet of regeneration
Scrolls
 c - 2 scrolls of teleportation
 d - a scroll of immolation
 e - a scroll of poison {unknown}
 f - 2 scrolls of magic mapping
 g - a scroll of enchant weapon {unknown}
 h - 3 scrolls of fog
 i - a scroll of noise {unknown}
 j - a scroll of vulnerability
 m - a scroll of enchant armour
 o - a scroll of brand weapon {unknown}
 q - a scroll of fear {unknown}
 s - a scroll of acquirement {unknown}
 v - a scroll of amnesia {unknown}
 y - 2 scrolls of blinking
 z - a scroll of summoning {unknown}
Potions
 a - 3 potions of lignification
 b - a potion of brilliance
 k - a potion of haste
 l - 2 potions of mutation
 p - 2 potions of flight
 r - a potion of degeneration
 t - a potion of curing
 x - a potion of berserk rage


   Skills:
 + Level 3.9 Fighting
 + Level 5.7 Dodging
 + Level 5.4 Stealth
 + Level 4.9 Unarmed Combat
 + Level 4.0 Spellcasting
 + Level 4.7 Transmutations
 + Level 1.7 Ice Magic
 + Level 2.9 Earth Magic


You had 2 spell levels left.
You knew the following spells:

 Your Spells              Type           Power      Damage    Failure   Level
a - Beastly Appendage     Tmut           32%        N/A       2%          1
b - Wereblood             Tmut           16%        N/A       4%          2
c - Passwall              Tmut/Erth      10%        N/A       6%          2
d - Spider Form           Tmut/Pois      9%         N/A       22%         3
e - Ice Form              Ice/Tmut       11%        N/A       45%         4

Your spell library contained the following spells:

 Spells                   Type           Power      Damage    Failure   Level
 Sandblast                Erth           22%        2d7       6%          1
 Summon Small Mammal      Summ           8%         N/A       19%         1
 Stone Arrow              Conj/Erth      12%        3d7       32%         3
 Call Canine Familiar     Summ           2%         N/A       50%         3
 Inner Flame              Hex/Fire       2%         N/A       50%         3
 Summon Guardian Golem    Hex/Summ       2%         N/A       50%         3
 Vhi's Electric Charge    Tloc/Air       4%         N/A       50%         3
 Flame Wave               Conj/Fire      2%         2d4       88%         4
 Sticky Flame             Conj/Fire      2%         2d3       88%         4
 Arcjolt                  Conj/Air       1%         1d11      99%         5
 Maxwell's Capacitive Co  Air            1%         ∞         100%        8


Dungeon Overview and Level Annotations

Branches:
Dungeon (7/15)             Temple (1/1) D:6

Altars:
Cheibriados
Dithmenos
Fedhas
Gozag
Hepliaklqana
Makhleb
Nemelex Xobeh
Okawaru
Qazlal
Trog
Uskayaw
Xom
Zin
The Shining One

Shops:
D:6 =[(   D:7 !

Annotations:
D:6 exclusions: 2 electric eels and 2 more exclusions


Innate Abilities, Weirdness & Mutations

You have sharp claws.
You have razor-sharp teeth.
You have supernaturally acute eyesight. (SInv)
You cover ground quickly. (Speed+)
You are covered in thick fur. (AC +2)
Your paws help you pounce on unaware monsters.
You are incapable of wielding weapons or throwing items.
You cannot wear armour.
You gain extra lives every three experience levels.


Message History

You closely miss the steam dragon.
The steam dragon is heavily wounded.
The steam dragon closely misses you. The steam dragon claws you.
You closely miss the steam dragon. You claw the steam dragon.
The steam dragon is severely wounded.
The steam dragon completely misses you. x2
You closely miss the steam dragon.
The steam dragon is severely wounded.
The steam dragon bites you. The steam dragon completely misses you.
You scratch the steam dragon.
You bite the steam dragon, but do no damage.
The steam dragon is severely wounded.
The steam dragon bites you but does no damage.
The steam dragon closely misses you.
You barely miss the steam dragon.
The steam dragon is severely wounded.
The steam dragon breathes steam at you. The ball of steam hits you!
* * * LOW HITPOINT WARNING * * *
The steam dragon misses you. The steam dragon barely misses you.
You closely miss the steam dragon. You bite the steam dragon.
The steam dragon is severely wounded.
The steam dragon barely misses you. The steam dragon completely misses you.
You scratch the steam dragon.
The steam dragon is almost dead.
The steam dragon closely misses you. The steam dragon barely misses you.
You barely miss the steam dragon.
The steam dragon is almost dead.
The steam dragon closely misses you. The steam dragon completely misses you.
You barely miss the steam dragon.
The steam dragon is almost dead.
The steam dragon breathes steam at you. The ball of steam hits you!!
Ouch! That really hurt!
You die...
Your shape twists and changes as you die.
You are now level 7!
Your horns disappear.
You rejoin the land of the living...
Are you sure you want to abandon this character and quit the game? (Confirm with "yes".)

.......................##.##
..#.#...###.##.#.......##.#
....#...###...:...#....##.#
........##...#.#..........#
........#...##.#.........##
........#.#.##.#..#.#..###
..#.......#.##.#..#.#..####
........###.##............#
#.#...>.# #.####@.#.#..##.#
#.#...#.###.####..........#
#.#.......................#
#.#...#.###.#####.#.#.###.#
#.#...#.# #.# #.#.### .#
........###.# #.#.# #
#.........#.# #.#.#
......###.#.# #.#.#
#.#..####.#.#####.#.#


There were no monsters in sight!

Vanquished Creatures
  2 water moccasins
  An orc warrior (D:6)
  A sky beast (D:6)
  2 black bears
  2 ogres
  A centaur (D:6)
  2 scorpions
  2 hounds (D:4)
  2 jellies
  A gnoll bouda (D:6)
  An iguana (D:5)
  A sleepcap (D:6)
  An orc wizard (D:6)
  7 adders
  9 gnolls
  A shadow imp (D:6)
  3 ufetubi
  2 worms
  2 dart slugs
  9 orcs
  4 bats
  13 endoplasms
  5 giant cockroaches
  8 goblins
  4 hobgoblins
  2 quokkas
  6 ball pythons
  7 frilled lizards
  8 kobolds
  8 rats
117 creatures vanquished.

Notes
Turn   | Place    | Note
-------+----------+-------------------------------------------
     0 | D:1      | cheesebisquit the Felid Transmuter began the quest for the
                  | Orb.
     0 | D:1      | Reached XP level 1. HP: 9/9 MP: 4/4
    10 | D:1      | You fall into a shaft and drop 1 floor!
   236 | D:1      | Reached XP level 2. HP: 11/12 MP: 4/6
   495 | D:1      | Reached skill level 1 in Stealth
   946 | D:2      | Learned a level 2 spell: Wereblood
  1024 | D:2      | Reached XP level 3. HP: 15/15 MP: 5/7
  1509 | D:2      | Reached XP level 4. HP: 19/19 MP: 6/8
  1982 | D:3      | Learned a level 2 spell: Passwall
  2200 | D:3      | Found a hazy altar of Hepliaklqana.
  2974 | D:4      | Noticed an ogre
  3130 | D:4      | Reached XP level 5. HP: 15/22 MP: 7/9
  3175 | D:4      | Noticed a black bear
  3184 | D:4      | Killed a black bear
  3185 | D:4      | Reached skill level 1 in Earth Magic
  3642 | D:4      | Gained mutation: You are covered in thick fur. (AC +2)
                  | [Felid growth]
  3642 | D:4      | Reached XP level 6. HP: 27/27 MP: 9/11
  3808 | D:4      | Found a shimmering altar of Xom.
  3977 | D:5      | Entered Level 5 of the Dungeon
  4254 | D:4      | Learned a level 3 spell: Spider Form
  4283 | D:5      | Found a bloodstained altar of Trog.
  4528 | D:5      | Found an opulent altar of Gozag.
  4882 | D:5      | Became a worshipper of Gozag Ym Sagoz the Greedy
  5167 | D:3      | Found a hazy altar of Hepliaklqana.
  5440 | D:3      | Reached XP level 7. HP: 30/30 MP: 10/12
  6437 | D:6      | Learned a level 4 spell: Ice Form
  6858 | D:6      | Reached skill level 5 in Dodging
  6904 | D:6      | Found Econer's Antique Weapon Shop.
  6909 | D:6      | Found a blossoming altar of Fedhas.
  7082 | D:6      | Found Ydamateukh's Jewellery Boutique.
  7095 | D:6      | Found a staircase to the Ecumenical Temple.
  7105 | Temple   | Entered the Ecumenical Temple
  7661 | D:6      | Found Amufurch's Armour Emporium.
  7701 | D:6      | Found an iron altar of Okawaru.
  7718 | D:6      | Reached skill level 1 in Ice Magic
  7718 | D:6      | Reached XP level 8. HP: 17/34 MP: 14/14
  8110 | D:6      | Found a staircase to the Ecumenical Temple.
  8132 | D:6      | Found Ydamateukh's Jewellery Boutique.
  8314 | D:6      | Found Amufurch's Armour Emporium.
  8318 | D:6      | Found a blossoming altar of Fedhas.
  8331 | D:6      | Found Econer's Antique Weapon Shop.
  8349 | D:6      | Found an iron altar of Okawaru.
  8699 | D:6      | Reached skill level 5 in Stealth
  9518 | D:7      | Found Afry's Magic Scroll Shoppe.
  9526 | D:7      | Bought a scroll of fog for 48 gold pieces
  9526 | D:7      | Bought a scroll of identify for 24 gold pieces
  9526 | D:7      | Bought a scroll of identify for 24 gold pieces
  9526 | D:7      | Bought a scroll of teleportation for 36 gold pieces
  9526 | D:7      | Bought a scroll of blinking for 90 gold pieces
  9526 | D:7      | Bought a scroll of magic mapping for 90 gold pieces
  9666 | D:7      | Found Fawixod's Distillery.
  9710 | D:7      | Killed from afar by a steam dragon
  9711 | D:7      | Reached XP level 7. HP: -13/31 MP: 14/14
  9711 | D:7      | Quit the game

Illustrated notes

Levels and vault maps discovered:
D:1:      dpeg_arrival_tiny_d, layout_basic, minmay_misc_feat_four_crosses,
          minmay_misc_feat_ornament, minmay_crystal_water, st_stairs_8,
          minmay_tetromino_o2
D:2:      layout_loops_corners
D:3:      layout_loops_ring, mainiacjoe_overflow_chevrons, serial_glass,
          glass_columns_a, glass_columns_c, glass_columns_b, glass_columns_c,
          item_on_display_a, item_on_display_a, minmay_strange_pillars,
          minmay_strange_pillars, corexii_corridor_pit
D:4:      layout_loops_ring, tgw_xom
D:5:      layout_gridville, nicolae_gozag_seed_capital,
          mainiacjoe_overflow_alcove_1
D:6:      layout_basic, okawaru_metal_pillars_1_2,
          fedhas_bush_and_centaur_altar, minmay_temple_entry_mini_moons,
          serial_shops, shop, nicolae_shop_tiny_waterfront, shop,
          serial_bayou_lagoon_a
D:7:      layout_basic, serial_shops, nicolae_lakefront_shop, shop, shop,
          nicolae_shop_pleasant_corner_grove, minmay_increasing_density
Temple:   nicolae_temple_bog_church

Skill      XL: |  1  2  3  4  5  6  7  8 |
---------------+-------------------------+-----
Dodging        | 3 4 5 |  5.7
Stealth        | 1 2 3 4 5 |  5.4
Transmutations | 3 4 |  4.7
Fighting       | 2 3 |  3.9
Earth Magic    | 1 2 |  2.9
Spellcasting   | 3 4 |  4.0
Unarmed Combat | 4 |  4.9
Ice Magic      | 1 |  1.7

Action                     |  1- 3 |  4- 6 |  7- 9 || total
---------------------------+-------+-------+-------++-------
  Melee: Unarmed           |    84 |   142 |   192 ||   418
         Headbutt          |    18 |    26 |    44 ||    88
         Bite              |    10 |    21 |    24 ||    55
         Punch             |       |     5 |     7 ||    12
   Cast: Beastly Appendage |    32 |    37 |    25 ||    94
 Invoke: Potion Petition   |       |       |     1 ||     1
    Use: Scroll            |       |     3 |     5 ||     8
         Potion            |       |       |     6 ||     6
   Stab: Sleeping          |     5 |     5 |       ||    10
 Armour: Skin              |     6 |     6 |     7 ||    19
  Dodge: Dodged            |    44 |   106 |   185 ||   335
